 Dungeon Crawl Stone Soup version 0.31-a0-574-g69dc8cc98e (webtiles) character file.

Game seed: 15686405792181674899

538 thirtiethelement the Insei (level 7, -2/50 HPs)
             Began as a Demonspawn Shapeshifter on Aug 19, 2023.
             Slain by Duvessa
             ... wielding a +0 short sword
              (8 damage)
             ... on level 4 of the Dungeon.
             The game lasted 00:17:04 (5097 turns).

thirtiethelement the Insei (DsSh)                   Turns: 5097, Time: 00:17:04

Health: -2/50      AC:  3    Str: 15    XL:     7   Next: 5%
Magic:  8/8        EV: 12    Int: 16    God:
Gold:   111        SH:  0    Dex: 15    Spells: 5/7 levels left

rFire   . . .        y - +1 rapier (protect)
rCold   . . .        (no shield)
rNeg    . . .        x - +0 leather armour
rPois   .            (helmet currently unavailable)
rElec   .            (cloak currently unavailable)
rCorr   .            (gloves currently unavailable)
SInv    +            (boots currently unavailable)
Will    .....        (no amulet)
Stlth   ++           u - +6 ring of intelligence
HPRegen 0.28/turn    v - ring of see invisible
MPRegen 0.11/turn

%: no passive effects
@: beast-form
A: beast (slay +2), hooves 2, ignite blood 1, powered by death 1
a: Begin Untransformation


You were on level 4 of the Dungeon.
You were a hulking beast.
You visited 1 branch of the dungeon, and saw 4 of its levels.

You collected 246 gold pieces.
You spent 135 gold pieces at shops.

Inventory:

Hand Weapons
 g - a +3 short sword
 p - a +2 quarterstaff of chaos
 y - a +1 rapier of protection (weapon)
Missiles
 o - 5 boomerangs (quivered)
Armour
 a - a +0 animal skin
 q - a +0 cloak
 s - a scarf of invisibility
 t - a +0 pair of gloves
 x - a +0 leather armour (worn)
 B - a +0 pair of boots
 D - a +0 scale mail
Jewellery
 m - a ring of fire
 u - a +6 ring of intelligence (left hand)
 v - a ring of see invisible (right hand)
Talismans
 c - a beast talisman (active)
 d - a flux talisman
Scrolls
 i - a scroll of torment
 k - a scroll of fear
 r - a scroll of identify
 w - a scroll of poison {unknown}
 z - a scroll of enchant weapon {unknown}
 A - 3 scrolls of teleportation
 E - a scroll of immolation {unknown}
Potions
 b - a potion of lignification
 e - 3 potions of curing {unknown}
 f - a potion of heal wounds {unknown}
 h - a potion of mutation {unknown}
 j - a potion of ambrosia {unknown}
 l - 2 potions of haste
 n - 2 potions of enlightenment {unknown}
Miscellaneous
 C - a condenser vane


   Skills:
 + Level 2.2 Fighting
 + Level 0.3 Short Blades
 + Level 0.4 Throwing
 + Level 3.0 Dodging
 + Level 1.9 Stealth
 + Level 5.1 Unarmed Combat
 + Level 0.6 Spellcasting
 + Level 0.6 Fire Magic
 + Level 3.5 Shapeshifting


You had 5 spell levels left.
You knew the following spells:

 Your Spells              Type           Power      Damage    Failure   Level
a - Scorch                Fire           4%         2d5       34%         2

Your spell library contained the following spells:

 Spells                   Type           Power      Damage    Failure   Level
 Flame Wave               Conj/Fire      1%         2d4       95%         4
 Summon Cactus Giant      Summ           0%         N/A       100%        6


Dungeon Overview and Level Annotations

Branches:
Dungeon (4/15)             Temple (0/1) D:4

Altars:
Wu Jian
Yredelemnul

Shops:
D:4 *

Annotations:
D:4 Dowan, Duvessa


Innate Abilities, Weirdness & Mutations

You are a hulking beast.
Your limbs bulge with bestial killing power. (Slay +2)
You have hoof-like feet.
Your demonic aura sometimes causes spilled blood to erupt in flames.
You regenerate a little health from kills.


Message History

Your weapon exudes an aura of protection.
Duvessa is lightly wounded.
Duvessa hits you with a +0 short sword.
You barely miss Duvessa.
Duvessa is lightly wounded.
Duvessa hits you but does no damage.
You completely miss Duvessa. Your kick misses Duvessa.
Duvessa is lightly wounded.
Duvessa hits you with a +0 short sword.
Dowan mumbles some strange words.
Dowan blinks!
Duvessa hits you with a +0 short sword!
You hit Duvessa.
Your weapon exudes an aura of protection.
Your kick misses Duvessa. Your punch misses Duvessa.
Duvessa is lightly wounded.
Duvessa hits you with a +0 short sword. x2; Dowan closely misses you.
Dowan puts on a burst of speed as he pursues you!
Dowan says, "My weaknesses are her strengths!"
Dowan gestures wildly while chanting.
Dowan blinks!
Duvessa hits you with a +0 short sword! Duvessa hits you with a +0 short sword!
* * * LOW HITPOINT WARNING * * *
Things that are here:
a +0 dagger; a goblin corpse Duvessa hits you with a +0 short sword.
* * * LOW HITPOINT WARNING * * *
Dowan gestures wildly while chanting.
Dowan blinks!
Duvessa puts on a burst of speed as she pursues you!
Duvessa hits you with a +0 short sword.
* * * LOW HITPOINT WARNING * * *
Duvessa closely misses you. Duvessa hits you with a +0 short sword!
* * * LOW HITPOINT WARNING * * *
Dowan says, "Stay away from my face!"
Duvessa hits you with a +0 short sword.
* * * LOW HITPOINT WARNING * * *
Duvessa says, "Did you see that move?
Perfect!"
There is a staircase to the Ecumenical Temple here.
Duvessa closely misses you. Duvessa hits you with a +0 short sword!
You die...

######### #...h...#
######
#...e...###....#
#.#...#.##.....#
#....e..#...#..#
#.......#..#...#
#.#...#.#..#####
#.......#..#### #
#.......#.....#######
#.#...#.#.###.#.....#


You could see Duvessa (fast, pursuing) and Dowan (pursuing).

Vanquished Creatures
  A scorpion (D:4)
  A bullfrog zombie (D:4)
  A centaur zombie (D:4)
  Crazy Yiuf (D:3)
  An iguana (D:4)
  Natasha (thrice) (D:2)
  5 adders
  3 gnolls (D:4)
  2 worms
  An orc (D:4)
  8 bats
  5 endoplasms
  5 giant cockroaches
  6 goblins
  7 hobgoblins
  10 jackals
  10 kobolds
  3 quokkas
  9 ball pythons
  5 frilled lizards
  6 rats
93 creatures vanquished.

Vanquished Creatures (others)
  Eustachio (D:4)
1 creature vanquished.

Grand Total: 94 creatures vanquished

Notes
Turn   | Place    | Note
-------+----------+-------------------------------------------
     0 | D:1      | thirtiethelement the Demonspawn Shapeshifter began the
                  | quest for the Orb.
     0 | D:1      | Reached XP level 1. HP: 15/15 MP: 1/1
   176 | D:1      | Reached skill level 3 in Unarmed Combat
   230 | D:1      | Gained mutation: Your demonic aura sometimes causes spilled
                  | blood to erupt in flames. [demonic ancestry]
   230 | D:1      | Reached XP level 2. HP: 21/21 MP: 2/2
   939 | D:1      | Reached XP level 3. HP: 26/26 MP: 3/3
  1087 | D:1      | Found an ornate altar of the Wu Jian Council.
  1164 | D:2      | Noticed Natasha
  1173 | D:2      | Killed Natasha
  1502 | D:2      | Gained mutation: You have large cloven feet. [demonic
                  | ancestry]
  1502 | D:2      | Reached XP level 4. HP: 25/32 MP: 4/4
  1978 | D:2      | Noticed Natasha
  1984 | D:2      | Killed Natasha
  1985 | D:2      | Reached skill level 4 in Unarmed Combat
  2124 | D:2      | Reached skill level 1 in Stealth
  2649 | D:3      | Found a runed translucent door.
  2650 | D:3      | Noticed Crazy Yiuf
  2657 | D:3      | Killed Crazy Yiuf
  2658 | D:3      | Gained mutation: You have hoof-like feet. [demonic
                  | ancestry]
  2658 | D:3      | Reached XP level 5. HP: 4/37 MP: 5/5
  2973 | D:3      | Found a faded altar of an unknown god.
  3087 | D:3      | Learned a level 2 spell: Scorch
  3321 | D:4      | Noticed Duvessa
  3322 | D:4      | Noticed Dowan
  3462 | D:4      | Found Xocreax's Assorted Antiques.
  3467 | D:4      | Bought a cabochon ring for 135 gold pieces
  4140 | D:2      | Noticed Natasha
  4144 | D:2      | Killed Natasha
  4263 | D:4      | Gained mutation: You regenerate a little health from kills.
                  | [demonic ancestry]
  4263 | D:4      | Reached XP level 6. HP: 17/44 MP: 6/6
  4277 | D:4      | Noticed Eustachio
  4536 | D:4      | Killed Eustachio
  4537 | D:4      | Reached skill level 5 in Unarmed Combat
  4704 | D:4      | Found a basalt altar of Yredelemnul.
  4925 | D:4      | Reached XP level 7. HP: 35/50 MP: 8/8
  5022 | D:4      | Found a staircase to the Ecumenical Temple.
  5097 | D:4      | Slain by Duvessa

Illustrated notes

Levels and vault maps discovered:
D:1:      dpeg_arrival_lava_altar, layout_basic, minmay_misc_feat_ornament
D:2:      layout_basic, nrook_mini_vaults, uniq_natasha
D:3:      layout_rooms, hellmonk_ecumenical_altar_lost_god, saegor_snake_ambush,
          uniq_crazy_yiuf_cottage
D:4:      layout_basic, lemuel_zombie_altar_yredelemnul, minitemple,
          temple_hall, serial_shops, nicolae_shop_rolling_square, minivault_5,
          kennysheep_dice, uniq_eustachio, uniq_duvessa

Skill      XL: |  1  2  3  4  5  6 |
---------------+-------------------+-----
Unarmed Combat | 3 4 5 |  5.1
Shapeshifting  | 3 |  3.5
Dodging        | 2 3 |  3.0
Stealth        | 1 |  1.9
Fighting       | 2 |  2.2
Short Blades   | |  0.3
Throwing       | |  0.4
Spellcasting   | |  0.6
Fire Magic     | |  0.6

Action                     |  1- 3 |  4- 6 |  7- 9 || total
---------------------------+-------+-------+-------++-------
  Melee: Unarmed           |    98 |   154 |       ||   252
         Punch             |     6 |     4 |       ||    10
         Kick              |       |    47 |     3 ||    50
         Rapier            |       |     5 |    19 ||    24
  Throw: Boomerang         |       |     7 |       ||     7
   Cast: Scorch            |       |     3 |       ||     3
    Use: Scroll            |       |     5 |       ||     5
   Stab: Sleeping          |     4 |     5 |       ||     9
 Armour: Animal skin       |    11 |    15 |       ||    26
         Leather armour    |       |     4 |     8 ||    12
  Dodge: Dodged            |    52 |   104 |    21 ||   177

Table legend: (Time is in decaauts)
 A = Elapsed time spent in this place.
 B = Non-inter-level travel time spent in this place.
 C = Inter-level travel time spent in this place.
 D = Time resting spent in this place.
 E = Time spent auto-exploring this place.
 F = Levels seen in this place.
 G = Mean time per level.
                   A        B        C        D        E       F      G
               +--------+--------+--------+--------+--------+-----+--------+
         Total |   5113 |   5088 |     25 |    627 |   2558 |   4 | 1278.2 |
       Dungeon |   5113 |   5088 |     25 |    627 |   2558 |   4 | 1278.2 |
               +--------+--------+--------+--------+--------+-----+--------+

Top non-repeatable levels by time:
     D:2: 1693 daAuts
     D:3: 1359 daAuts
     D:1: 1093 daAuts
     D:4: 967 daAuts
